 Dungeon Crawl Stone Soup version 0.28-a0-909-g796cbd3a86 (webtiles) character file.

Game seed: 133836944386002784

14820 john333 the Convoker (level 12, 0/61 HPs)
             Began as a Tengu Summoner on Nov 25, 2021.
             Was an Initiate of Gozag.
             Succumbed to a sea snake's poison
             ... on level 1 of the Shoals.
             The game lasted 01:49:18 (16563 turns).

john333 the Convoker (Tengu Summoner)              Turns: 16563, Time: 01:49:18

Health: 0/61       AC:  2    Str:  9    XL:     12   Next: 20%
Magic:  9/27       EV: 19    Int: 27    God:    Gozag
Gold:   1240       SH:  0    Dex: 14    Spells: 14/32 levels left

rFire   . . .      SeeInvis .   (no weapon)
rCold   . . .      Faith    .   (no shield)
rNeg    . . .      Spirit   .   a - +0 robe
rPois   .          Reflect  .   (helmet restricted)
rElec   .          Harm     .   (no cloak)
rCorr   .          Rampage  .   (no gloves)
Will    .....                   (boots unavailable)
Stlth   ++........              (no amulet)
HPRegen 0.20/turn               P - +6 ring of intelligence
MPRegen 0.20/turn               h - +4 ring of evasion

@: lethally poisoned (0 -> -18), marked, flying quickly and evasively,
invisible, quick
A: beak, talons 3, nimble flight
a: Renounce Religion, Potion Petition, Call Merchant, Bribe Branch


You were on level 1 of the Shoals.
You worshipped Gozag.
Gozag was most pleased with you.
You visited 4 branches of the dungeon, and saw 13 of its levels.

You collected 1339 gold pieces.
You paid 99 gold pieces to Gozag.

Inventory:

Hand Weapons
 g - a +2 short sword of distortion
 i - a +3 scythe of venom
 k - a +2 whip of flaming
 m - the +5 mace "Isuocaleg" {antimagic, rF+ rC+}
   (You found it on level 6 of the Dungeon)

   It reduces the magical energy of the wielder, and disrupts the spells and
   magical abilities of those it strikes.
   Natural abilities and divine invocations are not affected.
   rF:        It protects you from fire.
   rC:        It protects you from cold.
 p - a +3 great sword
 T - a +4 quarterstaff of chaos
Missiles
 c - 82 bolts
 q - 238 arrows
 s - 85 sling bullets
 w - 218 stones
 I - 12 boomerangs
 K - 4 throwing nets
Armour
 a - a +0 robe (worn)
 F - a +0 robe
 G - a +3 ring mail
 S - a +2 crystal plate armour of cold resistance
Jewellery
 h - a +4 ring of evasion (right hand)
 y - a ring of resist corrosion
 A - a ring of fire
 L - a ring of magical power
 M - a ring of protection from cold
 P - a +6 ring of intelligence (left hand)
Wands
 b - a wand of flame (32)
 J - a wand of paralysis (30) (quivered)
 O - a wand of iceblast (5)
Scrolls
 r - a scroll of immolation
 t - a scroll of fog {unknown}
 C - 5 scrolls of teleportation
 Q - 2 scrolls of torment
 V - a scroll of blinking
 W - 5 scrolls of noise
 Y - 2 scrolls of enchant armour
Potions
 d - 3 potions of flight {unknown}
 e - 3 potions of might
 j - a potion of mutation {unknown}
 o - a potion of invisibility
 v - a potion of brilliance {unknown}
 z - a potion of berserk rage {unknown}
 B - 4 potions of haste
 D - a potion of lignification {unknown}
 R - a potion of attraction
 X - a potion of degeneration
 Z - a potion of cancellation {unknown}
Miscellaneous
 f - a phial of floods
 l - a tin of tremorstones (2/2)


   Skills:
 + Level 1.4 Fighting
 + Level 3.5 Dodging
 + Level 3.2 Stealth
 + Level 10.5 Spellcasting
 + Level 3.0 Hexes
 * Level 17.2 Summonings
 + Level 5.2 Air Magic
 + Level 1.1 Earth Magic


You had 14 spell levels left.
You knew the following spells:

 Your Spells              Type           Power      Damage    Failure   Level
a - Summon Small Mammal   Summ           100%       N/A       0%          1
b - Call Imp              Summ           82%        N/A       0%          2
c - Call Canine Familiar  Summ           82%        N/A       0%          3
d - Summon Guardian Gole  Hex/Summ       62%        N/A       1%          3
e - Summon Lightning Spi  Summ/Air       65%        N/A       1%          4
f - Slow                  Hex            100%       N/A       1%          1
g - Animate Armour        Summ/Erth      100%       N/A       1%          4

Your spell library contained the following spells:

 Spells                   Type           Power      Damage    Failure   Level
 Confusing Touch          Hex            30%        N/A       3%          3
 Beastly Appendage        Tmut           28%        N/A       4%          1
 Wereblood                Tmut           14%        N/A       6%          2
 Spider Form              Tmut/Pois      14%        N/A       12%         3
 Vampiric Draining        Necr           14%        2d7       12%         3
 Blade Hands              Tmut           7%         N/A       75%         5
 Iron Shot                Conj/Erth      8%         9d3       99%         6


Dungeon Overview and Level Annotations

Branches:
Dungeon (9/15)             Temple (1/1) D:7            Lair (2/6) D:9
 Shoals (1/4) Lair:2
  Snake: Lair:2-4    Spider: Lair:2-4       Orc: D:9-12

Altars:
Ashenzari
Cheibriados
Dithmenos
Elyvilon
Fedhas
Gozag
Hepliaklqana
Kikubaaqudgha
Makhleb
Nemelex Xobeh
Okawaru
Qazlal
Ru
Sif Muna
Trog
Uskayaw
Vehumet
Wu Jian
Xom
Yredelemnul
Zin
The Shining One

Shops:
D:3 (   D:5 [   D:6 =   Shoals:1 !


Innate Abilities, Weirdness & Mutations

You have a beak for a mouth.
You have claws for feet.
Your magical nature lets you fly swiftly and evasively.


Message History

Confirm with . or Enter, or press ? or * to list all spells.
A guardian golem appears, shielding your allies.
Casting: Summon Guardian Golem (safe; 1% risk of failure)
Confirm with . or Enter, or press ? or * to list all spells.
A beastly little devil appears in a puff of frigid air.
The sea snake bites you.
You are poisoned.
The sea snake poisons you!
A merfolk comes into view.
It is wielding a +0 trident and quivering silver boomerangs.
You feel extremely sick.
A harpy comes into view.
You feel very sick.
A harpy comes into view.
The merfolk throws a silver boomerang.
The silver boomerang hits you!!
* * * LOW HITPOINT WARNING * * *
A merfolk comes into view.
It is wielding a +0 trident and quivering boomerangs of dispersal.
A merfolk comes into view.
It is wielding a +0 trident and quivering silver boomerangs.
The merfolk throws a boomerang of dispersal.
The boomerang of dispersal closely misses you.
You fade into invisibility!
* * * LOW HITPOINT WARNING * * *
You feel very sick.
A harpy comes into view.
The sea snake misses you.
Your white imp barely misses the sea snake.
The merfolk throws a silver boomerang.
The silver boomerang hits the harpy!
A sea snake comes into view.
A merfolk siren comes into view. It is wielding a +0 spear.
The merfolk throws a boomerang of dispersal.
The boomerang of dispersal hits you!
* * * LOW HITPOINT WARNING * * *
You blink.
A merfolk siren comes into view.
It is wielding a +1 trident of freezing.
Found Ajaref's Distillery.
The sea snake bites your white imp.
The harpy moves out of view.
The sea snake moves out of view.
The merfolk siren moves out of view.
Okay, then.
Found a ring of protection from cold.
You die...
Your body crumbles into a pile of gold.

#.....≈...H.....##
#...[.........##
#####..H......#
##S§###.....#
########95.##....###
.........[S.##.###
................
.................
≈..$≈≈.@....[....
≈$≈≈≈≈...#.......
≈≈≈≈≈≈..#.#......
≈m≈≈≈≈.#...#....≈
≈≈≈≈..# .∩..#.≈
≈≈≈... ...#.≈≈
≈≈.... #.#≈≈≈≈
≈≈.... #≈=≈≈≈


You could see 2 sea snakes, a merfolk siren, a harpy, a friendly guardian golem
(summoned), a friendly animated robe (summoned, sheltered) and a friendly white
imp (summoned, sheltered).

Vanquished Creatures (collateral kills)
  Harold (D:8)
  2 death yaks (Lair:2)
  A two-headed ogre (D:9)
  Sonja (Lair:1)
  2 black mambas
  A cane toad (Lair:2)
  A komodo dragon (Lair:1)
  2 rime drakes
  A burning bush (Lair:1)
  A polar bear (Lair:2)
  5 blink frogs (Lair:1)
  Sigmund (D:5)
  A nameless horror (D:5)
  2 yaks (Lair:2)
  3 wyverns
  A steam dragon (D:9)
  3 water moccasins
  A swamp drake (D:9)
  A sky beast (D:8)
  A black bear (D:3)
  4 wolves (Lair:2)
  An ogre (D:6)
  3 centaurs
  A lemure (D:6)
  4 bullfrogs
  5 scorpions
  Dowan (D:5)
  7 killer bees (D:9)
  An elephant simulacrum (Lair:2)
  A howler monkey (D:8)
  14 wights
  A centaur zombie (D:8)
  A hound (D:6)
  2 jellies
  An iguana (D:7)
  Ijyb (D:4)
  An orc wizard (D:4)
  A spriggan simulacrum (Lair:2)
  A wolf simulacrum (Lair:2)
  8 adders
  A howler monkey skeleton (D:5)
  2 white imps
  An ufetubus (D:5)
  A worm (D:2)
  3 dart slugs
  19 orcs
  6 bats
  11 endoplasms
  6 giant cockroaches
  7 goblins
  A hobgoblin (D:1)
  9 jackals
  A quokka (D:1)
  8 ball pythons
  2 frilled lizards
  9 kobolds
  7 rats
185 creatures vanquished.

Vanquished Creatures (others)
  A hydra (D:8)
  A two-headed ogre (D:8)
  A bog body (Lair:2)
  Pikel (D:6)
  2 rime drakes (Lair:2)
  A komodo dragon (D:9)
  An entropy weaver simulacrum (Lair:2)
  A polar bear (Lair:2)
  Prince Ribbit (D:5)
  3 yaks (Lair:2)
  A basilisk (D:9)
  A steam dragon (D:7)
  A water moccasin (D:9)
  Duvessa (D:5)
  3 wolves (Lair:2)
  A centaur (D:5)
  2 lemures (D:6)
  A killer bee (D:9)
  Crazy Yiuf (D:3)
  A troll simulacrum (Lair:2)
  A hound zombie (D:5)
  5 fungi
  A plant (Lair:1)
33 creatures vanquished.

Grand Total: 218 creatures vanquished

Notes
Turn   | Place    | Note
-------+----------+-------------------------------------------
     0 | D:1      | john333 the Tengu Summoner began the quest for the Orb.
     0 | D:1      | Reached XP level 1. HP: 10/10 MP: 4/4
   137 | D:1      | Reached skill level 5 in Summonings
   510 | D:1      | Reached XP level 2. HP: 9/15 MP: 4/6
   624 | D:1      | Learned a level 2 spell: Call Imp
   740 | D:1      | Found a faded altar of an unknown god.
   798 | D:1      | Prayed at the altar of an unknown god.
   798 | D:1      | Became a worshipper of Elyvilon the Healer
   798 | D:1      | Reached * piety under Elyvilon
   801 | D:1      | Was placed under penance by Elyvilon
   888 | D:1      | Fell from the grace of Elyvilon
  1138 | D:1      | Reached XP level 3. HP: 19/19 MP: 2/7
  1143 | D:1      | Learned a level 3 spell: Call Canine Familiar
  2240 | D:2      | Found a radiant altar of Vehumet.
  2751 | D:2      | Reached XP level 4. HP: 24/24 MP: 6/9
  2755 | D:2      | Learned a level 3 spell: Summon Guardian Golem
  3201 | D:3      | Reached skill level 6 in Summonings
  3681 | D:3      | You fall into a shaft and drop 1 floor!
  4044 | D:3      | Gained mutation: Your magical nature lets you fly swiftly
                  | and evasively. [Tengu growth]
  4044 | D:3      | Reached XP level 5. HP: 20/28 MP: 6/10
  4138 | D:3      | Found Fadux's Weapon Boutique.
  4139 | D:3      | Noticed a black bear
  4153 | D:3      | Killed a black bear
  4269 | D:3      | Found an iron altar of Okawaru.
  4860 | D:3      | Found a runed translucent door.
  4861 | D:3      | Noticed Crazy Yiuf
  4989 | D:3      | Killed Crazy Yiuf
  4990 | D:3      | Reached skill level 7 in Summonings
  4990 | D:3      | Reached XP level 6. HP: 32/32 MP: 2/12
  6054 | D:4      | Noticed Ijyb
  6074 | D:4      | Killed Ijyb
  6470 | D:5      | Entered Level 5 of the Dungeon
  6534 | D:5      | Found a shimmering altar of Xom.
  6730 | D:5      | Learned a level 4 spell: Summon Lightning Spire
  6735 | D:5      | Found a blossoming altar of Fedhas.
  6910 | D:5      | Found a sacrificial altar of Ru.
  6965 | D:5      | Found Yruarao's Antique Armour Shoppe.
  6970 | D:5      | Noticed a nameless horror
  7286 | D:5      | Reached XP level 7. HP: 32/37 MP: 8/14
  7287 | D:5      | Noticed Dowan
  7370 | D:5      | Killed Dowan
  7371 | D:5      | Reached skill level 8 in Summonings
  7391 | D:5      | Killed a nameless horror
  7620 | D:5      | Noticed Duvessa
  7627 | D:5      | Noticed Prince Ribbit
  7643 | D:5      | Killed Duvessa
  7744 | D:5      | Noticed Sigmund
  7769 | D:5      | HP: 1/37 [something (10)]
  8155 | D:5      | Killed Sigmund
  8156 | D:5      | Reached skill level 5 in Spellcasting
  8196 | D:5      | Killed Prince Ribbit
  8197 | D:5      | Reached skill level 1 in Hexes
  8197 | D:5      | Reached skill level 9 in Summonings
  8197 | D:5      | Reached XP level 8. HP: 42/42 MP: 2/17
  8308 | D:5      | Learned a level 1 spell: Slow
  9084 | D:6      | Reached skill level 10 in Summonings
  9098 | D:6      | Noticed Pikel
  9168 | D:6      | Found Denemiar's Jewellery Boutique.
  9343 | D:6      | Killed Pikel
  9344 | D:6      | Reached skill level 11 in Summonings
  9344 | D:6      | Reached XP level 9. HP: 28/46 MP: 3/19
  9463 | D:6      | Identified the +5 mace "Isuocaleg" {antimagic, rF+ rC+}
  9710 | D:6      | Found an opulent altar of Gozag.
  9710 | D:6      | Found a sparkling altar of Nemelex Xobeh.
  9792 | D:6      | Became a worshipper of Gozag Ym Sagoz the Greedy
 10342 | D:7      | Found a basalt altar of Yredelemnul.
 10555 | D:7      | Reached skill level 12 in Summonings
 10555 | D:7      | Reached skill level 1 in Air Magic
 10659 | D:7      | Found a staircase to the Ecumenical Temple.
 10668 | Temple   | Entered the Ecumenical Temple
 10735 | D:7      | Found a hazy altar of Hepliaklqana.
 11589 | D:8      | Noticed a two-headed ogre
 11604 | D:8      | Killed a two-headed ogre
 11605 | D:8      | Reached skill level 13 in Summonings
 11605 | D:8      | Reached XP level 10. HP: 51/51 MP: 10/22
 12298 | D:8      | Noticed a five-headed hydra
 12306 | D:8      | Killed a five-headed hydra
 12478 | D:8      | Noticed Harold
 12495 | D:8      | Killed Harold
 12496 | D:8      | Reached skill level 14 in Summonings
 13330 | D:9      | Noticed a two-headed ogre
 13338 | D:9      | Killed a two-headed ogre
 13376 | D:9      | Reached skill level 1 in Fighting
 13565 | D:9      | Reached XP level 11. HP: 56/56 MP: 19/24
 13576 | D:9      | Reached skill level 15 in Summonings
 13730 | D:9      | Found a staircase to the Lair.
 13761 | Lair:1   | Entered Level 1 of the Lair of Beasts
 14002 | Lair:1   | Noticed Sonja
 14058 | Lair:1   | Killed Sonja
 14206 | Lair:1   | Learned a level 4 spell: Animate Armour
 15102 | Lair:1   | Reached skill level 16 in Summonings
 15501 | Lair:2   | Noticed a bog body
 15506 | Lair:2   | Noticed a death yak
 15627 | Lair:2   | Killed a bog body
 15628 | Lair:2   | Reached skill level 10 in Spellcasting
 15632 | Lair:2   | Killed a death yak
 15864 | Lair:2   | Noticed a death yak
 15880 | Lair:2   | Killed a death yak
 15881 | Lair:2   | Reached skill level 5 in Air Magic
 15881 | Lair:2   | Reached skill level 1 in Earth Magic
 15881 | Lair:2   | Reached XP level 12. HP: 61/61 MP: 9/27
 15899 | Lair:2   | Reached skill level 17 in Summonings
 16536 | Lair:2   | Found a staircase to the Shoals.
 16546 | Shoals:1 | Entered Level 1 of the Shoals
 16562 | Shoals:1 | Found Ajaref's Distillery.
 16563 | Shoals:1 | Succumbed to a sea snake's poison

Illustrated notes

Levels and vault maps discovered:
D:1:      giann_wishing_wells, layout_basic, chequers_ecumenical_altar_island,
          minivault_11, minmay_tetromino_o2
D:2:      layout_basic, basic_altar
D:3:      minmay_door_path, layout_basic, okawaru_gym_becter, serial_shops,
          nicolae_shop_advertising_works [nicolae_subvault_shop_adworks],
          uniq_crazy_yiuf_cottage
D:4:      layout_cave_pods, uniq_ijyb
D:5:      layout_gridville, fedhas_altar_1, xom_teletrap_fun,
          nicolae_ru_the_path_less_chosen, nicolae_take_the_stairs, st_stairs_5,
          uniq_duvessa, uniq_prince_ribbit1, uniq_sigmund
D:6:      layout_rooms, grunt_temple_overflow_opulence, serial_shops,
          shop_fountains, uniq_pikel
D:7:      layout_cave_pools, lemuel_tele_altar,
          mainiacjoe_overflow_tiny_flanked, temple_hall
D:8:      layout_loops_ring, uniq_harold
D:9:      layout_irregular_city, erik_lair_dragon, zombieorc2_lemuel,
          item_on_display_a
Temple:   dpeg_chambers_temple
Lair:1:   layout_cave_pods, evilmike_ambush [evilmike_ambush_outer_corners,
          evilmike_ambush_inner_basic], uniq_sonja
Lair:2:   dreamdust_isle_of_ice, layout_loops_ring, elwin_shoals_entry_rocks,
          minmay_holes
Shoals:1: layout_shoals, serial_shops, nicolae_diamond_shop

Skill      XL: |  1  2  3  4  5  6  7  8  9 10 11 12 |
---------------+-------------------------------------+-----
Summonings     | 5 6 7 9 11 13 14 16 17 | 17.2
Spellcasting   | 3 4 5 6 7 8 10 | 10.5
Hexes          | 1 2 3 |  3.0
Air Magic      | 1 3 5 |  5.2
Dodging        | 3 |  3.5
Fighting       | 1 |  1.4
Stealth        | 3 |  3.2
Earth Magic    | 1 |  1.1

Action                   |  1- 3 |  4- 6 |  7- 9 | 10-12 || total
-------------------------+-------+-------+-------+-------++-------
Melee: Flail             |       |    10 |       |       ||    10
       Kick              |       |     6 |       |       ||     6
       Peck              |       |     3 |       |       ||     3
 Cast: Summon Small Mamm |    34 |     5 |    37 |    46 ||   122
       Call Imp          |    14 |     9 |    22 |    23 ||    68
       Call Canine Famil |    14 |    30 |    22 |    26 ||    92
       Summon Guardian G |       |    16 |    26 |    30 ||    72
       Summon Lightning  |       |     2 |     7 |    29 ||    38
       Animate Armour    |       |       |       |    10 ||    10
       Slow              |       |       |       |     1 ||     1
Invok: Renounce Religion |     1 |       |       |       ||     1
  Use: Scroll            |     1 |    10 |     1 |     4 ||    16
       Potion            |       |     1 |     2 |     7 ||    10
Armor: Robe              |     9 |     5 |     3 |     1 ||    18
Dodge: Dodged            |    38 |    31 |    55 |    51 ||   175

Table legend: (Time is in decaauts)
 A = Elapsed time spent in this place.
 B = Non-inter-level travel time spent in this place.
 C = Inter-level travel time spent in this place.
 D = Time resting spent in this place.
 E = Time spent auto-exploring this place.
 F = Levels seen in this place.
 G = Mean time per level.
                   A        B        C        D        E       F      G
               +--------+--------+--------+--------+--------+-----+--------+
         Total |  15969 |  15321 |    648 |   5190 |   5371 |  13 | 1228.4 |
       Dungeon |  13045 |  12425 |    620 |   3935 |   4421 |   9 | 1449.4 |
        Temple |    221 |    221 |      0 |      0 |    160 |   1 |  221.0 |
          Lair |   2687 |   2660 |     27 |   1255 |    790 |   2 | 1343.5 |
        Shoals |     15 |     15 |      0 |      0 |      0 |   1 |   15.0 |
               +--------+--------+--------+--------+--------+-----+--------+

Top non-repeatable levels by time:
     D:5: 2515 daAuts
     D:1: 1962 daAuts
     D:3: 1884 daAuts
  Lair:1: 1831 daAuts
     D:4: 1400 daAuts
     D:8: 1321 daAuts
     D:7: 1304 daAuts
     D:2: 1100 daAuts
     D:6: 871 daAuts
  Lair:2: 856 daAuts
     D:9: 684 daAuts
  Temple: 221 daAuts
Shoals:1: 15 daAuts
